AoeStats
← ogipochi_

Black Forest

504326694Analyzed
4v4 RM · 29d ago on Sep 4, 2026· 53m 20s· 8 players
Game mode
Random Map
Map size
Large (8 player)
Population
200
Speed
Normal
Resources
Standard
Victory
Conquest
Starting age
Dark Age
Ending age
Imperial Age
RankedLock teamsTeams togetherTeam positionsShared explorationLock speedFull tech treeHidden civsTurbo modeCheats
Victory
Defeat
🇩🇪 Italians · Germany
877
+14
🇵🇱 Turks · Poland
842
+27
🇪🇸 Bohemians · Spain
825
+16
🇲🇽 Sicilians · Mexico
809
+16
🇯🇵 Spanish · Japan
881
-17
807
-15
🇿🇦 Chinese · South Africa
805
-15
🇨🇴 Mongols · Colombia
793
-14
Eli Correa 3950
1:55 Loom
14:06 Feudal Age
14:45 Double-Bit Axe
17:03 Wheelbarrow
19:38 Fletching
30:04 Castle Age
28:04 Horse Collar
29:09 Scale Mail Armor
29:21 Forging
31:01 Hand Cart
32:10 Iron Casting
32:01 Chain Mail Armor
35:20 Bodkin Arrow
38:43 Ballistics
38:15 Heated Shot
41:02 Bow Saw
40:56 Heavy Plow
45:35 Imperial Age
46:36 Elite Serjeant
47:53 Plate Mail Armor
49:52 Blast Furnace
52:14 Bracer
53:22 Chemistry
jj.moreno.minas
12:23 Feudal Age
13:52 Double-Bit Axe
18:14 Castle Age
22:10 Bow Saw
26:08 Imperial Age
25:26 Chemistry
25:54 Padded Archer Armor
26:25 Ballistics
30:59 Squires
35:14 Block Printing
38:55 Elite Skirmisher
40:03 Leather Archer Armor
39:39 Fletching
41:42 Bodkin Arrow
42:18 Ring Archer Armor
47:40 Wheelbarrow
46:52 Loom
47:24 Redemption
53:36 Bracer
Icewulf 11
0:33 Loom
12:27 Feudal Age
13:32 Double-Bit Axe
14:45 Horse Collar
21:07 Castle Age
19:02 Stone Mining
19:37 Forging
20:12 Padded Archer Armor
20:31 Scale Mail Armor
21:24 Fletching
22:37 Leather Archer Armor
23:12 Bow Saw
24:50 Iron Casting
25:19 Heavy Plow
27:15 Chain Mail Armor
28:16 Bodkin Arrow
28:17 Pikeman
29:34 Murder Holes
36:54 Imperial Age
38:41 Chemistry
38:45 Blast Furnace
37:55 Elite Genoese Crossbowman
39:44 Ring Archer Armor
40:23 Plate Mail Armor
41:00 Two-Man Saw
40:54 Ballistics
mobin89zohrevand
0:30 Loom
11:58 Feudal Age
13:02 Double-Bit Axe
19:13 Castle Age
17:29 Horse Collar
20:54 Bow Saw
21:31 Fervor
33:06 Imperial Age
35:08 Wheelbarrow
34:24 Fletching
34:35 Padded Archer Armor
34:57 Ballistics
34:18 Treadmill Crane
36:43 Bodkin Arrow
37:03 Leather Archer Armor
37:12 Bombard Tower
37:03 Masonry
37:01 Heavy Plow
37:29 Hand Cart
37:01 Town Watch
37:46 Town Patrol
37:48 Bracer
37:58 Forging
37:55 Scale Barding Armor
38:54 Ring Archer Armor
39:50 Two-Man Saw
41:31 Iron Casting
41:16 Chain Barding Armor
41:29 Architecture
41:44 Bloodlines
41:34 Husbandry
40:55 Heavy Camel Rider
ogipochi_
0:32 Loom
12:40 Feudal Age
13:11 Horse Collar
14:10 Wheelbarrow
13:26 Double-Bit Axe
14:27 Stone Mining
14:28 Gold Mining
14:26 Town Watch
20:57 Castle Age
19:51 Forging
19:42 Padded Archer Armor
20:19 Fishing Lines
22:19 Hand Cart
22:23 Leather Archer Armor
Germanico90
3:37 Loom
11:11 Feudal Age
12:22 Double-Bit Axe
22:08 Fishing Lines
22:11 Horse Collar
29:22 Castle Age
28:32 Stone Mining
33:53 Light Cavalry
Potatoes are my favourite fruit
12:32 Feudal Age
13:18 Loom
17:00 Castle Age
15:55 Double-Bit Axe
18:32 Bow Saw
20:03 Wheelbarrow
19:20 Horse Collar
19:30 Fishing Lines
21:57 Heavy Plow
24:48 Gillnets
25:18 Loom
25:54 Hand Cart
hxrsh
0:33 Loom
12:58 Feudal Age
16:32 Castle Age
14:29 Double-Bit Axe
14:27 Horse Collar
17:37 Bow Saw
17:28 Heavy Plow
18:15 Wheelbarrow
19:09 Gold Mining
32:10 Caravan
36:10 Imperial Age
34:17 Padded Archer Armor
34:07 Fletching
34:23 Scale Barding Armor
34:23 Scale Mail Armor
34:34 Forging
35:22 Squires
35:46 Pikeman
38:01 Leather Archer Armor
37:41 Bodkin Arrow
37:52 Scale Barding Armor
38:05 Chain Mail Armor
38:25 Iron Casting
37:45 Elite Chu Ko Nu
40:38 Bracer
41:09 Ring Archer Armor
41:13 Plate Mail Armor
40:42 Halberdier
41:04 Heavy Rocket Cart
43:28 Conscription
44:19 Blast Furnace
43:21 Elite Fire Lancer
46:24 Arson
48:03 Chemistry
47:25 Ballistics
48:33 Rocketry
Connection lost

Rejoining the realm…

Still unreachable

The connection could not be restored.

Session expired

The server has moved on; the page needs a fresh start.